 Dungeon Crawl Stone Soup version 0.17-a0-1301-ga863c44 (webtiles) character file.

4950 Hanyuu the Cleaver (level 10, -1/74 HPs)
             Began as a Demonspawn Gladiator on June 6, 2015.
             Was a Priest of Makhleb.
             Slain by a yak (9 damage)
             ... on level 8 of the Dungeon on June 7, 2015.
             The game lasted 00:49:15 (12126 turns).

Hanyuu the Cleaver (Demonspawn Gladiator)          Turns: 12126, Time: 00:49:15

Health: -1/74      AC:  9    Str: 17    XL:     10   Next: 28%
Magic:  14/14      EV: 16    Int: 12    God:    Makhleb [***...]
Gold:   538        SH:  0    Dex: 13    Spells: 0 memorised, 15 levels left

rFire  . . .     SeeInvis .     a - +0 war axe
rCold  + . .     Clarity  .     B - +3 leather armour
rNeg   . . .     SustAt   .     (no shield)
rPois  .         Gourm    .     (helmet restricted)
rElec  .         Spirit   .     v - +0 cloak
rCorr  .         Warding  .     D - +1 pair of gloves
rMut   .         Stasis   .     (no boots)
MR     +....                    (no amulet)
Stlth  +.........               (no ring)
                                q - ring of protection from magic

@: somewhat resistant to hostile enchantments, very unstealthy
A: horns 1, repulsion field 1, cold resistance 1, demonic guardian 1
a: Minor Destruction, Lesser Servant of Makhleb, Renounce Religion


You were on level 8 of the Dungeon.
You worshipped Makhleb.
Makhleb was most pleased with you.
You were hungry.

You visited 2 branches of the dungeon, and saw 10 of its levels.

You collected 538 gold pieces.

Inventory:

Hand weapons
 a - a +0 war axe (weapon)
 b - a +1 blowgun
 t - a +0 arbalest of flaming
Missiles
 d - 3 throwing nets
 h - 23 tomahawks
 l - 4 javelins (quivered)
 n - 3 poisoned needles
Armour
 e - a +0 helmet
 v - a +0 cloak (worn)
 B - a +3 leather armour (worn)
 C - a cursed +0 ring mail
 D - a +1 pair of gloves (worn)
Jewellery
 q - a ring of protection from magic (left hand)
 y - the ring of Suzyxen {Wiz rPois rC- Str-2 Int+5}
   (You found it on level 4 of the Dungeon)

   [ring of wizardry]

   It improves your spell success rate.
   It affects your strength (-2).
   It affects your intelligence (+5).
   It makes you vulnerable to cold.
   It protects you from poison.
Magical devices
 k - a wand of digging (24)
 H - a wand of cold (1)
Scrolls
 j - 2 scrolls of remove curse
 r - a scroll of identify
 G - a scroll of noise {unknown}
 I - a scroll of fear {unknown}
Potions
 f - a potion of agility {unknown}
 g - 2 potions of brilliance
 m - a potion of lignification {unknown}
 o - a potion of magic
 s - 2 potions of curing
 x - 3 potions of might
 z - a potion of degeneration {unknown}
 A - 2 potions of heal wounds {unknown}
 F - a potion of ambrosia {unknown}
 K - 2 potions of berserk rage {unknown}
Books
 J - a book of the Earth

   Spells                             Type                      Level
   a - Leda's Liquefaction            Hexes/Earth                  4
   b - Bolt of Magma                  Conjuration/Fire/Earth       5
   c - Statue Form                    Transmutation/Earth          6
   d - Iron Shot                      Conjuration/Earth            6
   e - Shatter                        Earth                        9
Comestibles
 c - 6 bread rations
 p - 2 fruits
 w - 4 meat rations
 E - 2 royal jellies


   Skills:
 + Level 5.2 Fighting
 * Level 11.3 Axes
 - Level 3.0 Throwing
 - Level 3.1 Armour
 + Level 5.0 Dodging
 - Level 3.1 Spellcasting
 + Level 1.8 Invocations


You had 15 spell levels left.
You didn't know any spells.

Dungeon Overview and Level Annotations

Branches:
Dungeon (9/15)             Temple (1/1) D:5            Lair (0/8) D:9
    Orc: D:9-12

Altars:
Ashenzari
Cheibriados
Dithmenos
Elyvilon
Fedhas
Gozag
Kikubaaqudgha
Makhleb
Nemelex Xobeh
Okawaru
Qazlal
Ru
Sif Muna
Trog
Vehumet
Xom
Yredelemnul
Zin
The Shining One

Shops:
D:7 *

Annotations:
D:5 kidanger's ghost, experienced MiMo
D:7 exclusion: upstairs, Baka's ghost, experienced OgBe


Innate Abilities, Weirdness & Mutations

You have a pair of small horns on your head.
You are surrounded by a mild repulsion field (EV +2).
Your flesh is cold resistant.
A weak demonic guardian rushes to your aid.


Message History

The yak gores your iron imp!
Your iron imp dies!
You hit the yak but do no damage. You headbutt the yak!
The yak is severely wounded.
The yak gores you!
* * * LOW HITPOINT WARNING * * *
You barely miss the yak. You headbutt the yak.
The yak is almost dead.
The yak gores you!
* * * LOW HITPOINT WARNING * * *
Drink which item? (? for menu, Esc to quit)
Okay, then.
Unknown command.
There is an open door here.
All of the chunks of flesh in your inventory have rotted away.
There is a stone staircase leading down here.
Things that are here:
a plate armour; a short sword The yak gores you!
You die...

#.#.##.# ##.....##
#.#..#.# ##.......#
#......###.........
##.......'.........
#.....####.........
#.#...# ##.......#
#...#.# ##.....##
#.###.# ##...##
#.@...# ##'##
#Y##### #.# #># #.#
#.# ##.## #.#
##...## ##.##
#.....##
#>..##########.#....
#.#.##........###.##
#......#######.#.##


You could see a yak.

Vanquished Creatures
  A spiny frog (D:9)
  Grinder (D:4)
  A blink frog (D:9)
  A trapdoor spider zombie (D:9)
  6 yaks
  A hippogriff (D:9)
  3 orc warriors
  A sky beast (D:4)
  A black bear (D:6)
  A centaur (D:6)
  2 ogres
  A phantom (D:4)
  A wasp (D:7)
  A necrophage (D:7)
  2 crocodiles (D:7)
  Blork the orc (D:6)
  3 giant frogs
  A water moccasin zombie (D:8)
  2 crimson imps
  5 hounds
  4 orc priests
  A giant frog zombie (D:5)
  A giant frog skeleton (D:4)
  7 orc wizards
  2 centaur skeletons
  An iguana (D:4)
  3 worker ants
  A hound skeleton (D:6)
  8 gnolls
  11 adders
  A shadow imp (D:5)
  4 oozes
  An adder zombie (D:6)
  4 worms
  28 orcs
  2 bat skeletons (D:4)
  A bat zombie (D:5)
  5 giant cockroaches
  13 goblins
  25 hobgoblins
  13 jackals
  19 kobolds
  A quokka (D:2)
  14 bats
  3 giant geckos
  3 giant newts
  A quokka skeleton (D:9)
  18 rats
231 creatures vanquished.

Vanquished Creatures (collateral kills)
  A two-headed ogre (D:9)
  Sigmund (D:2)
  Eustachio (D:4)
  A necrophage (D:8)
  2 ogres
  2 centaurs
  A hound (D:6)
  2 orcs
  A bat (D:9)
  A giant gecko skeleton (D:4)
13 creatures vanquished.

Grand Total: 244 creatures vanquished

Notes
Turn   | Place    | Note
--------------------------------------------------------------
     0 | D:1      | Hanyuu the Demonspawn Gladiator began the quest for the Orb.
     0 | D:1      | Reached XP level 1. HP: 16/16 MP: 1/1
   106 | D:1      | Reached skill level 3 in Axes
   180 | D:1      | Gained mutation: A weak demonic guardian rushes to your aid. [demonic ancestry]
   180 | D:1      | Reached XP level 2. HP: 22/22 MP: 2/2
   588 | D:1      | Gained mutation: You are surrounded by a mild repulsion field (EV +2). [demonic ancestry]
   588 | D:1      | Reached XP level 3. HP: 14/27 MP: 3/3
   800 | D:2      | Reached skill level 4 in Axes
   926 | D:2      | Noticed Sigmund
  1597 | D:2      | Reached XP level 4. HP: 30/33 MP: 4/4
  1967 | D:2      | Killed Sigmund
  1967 | D:2      | Reached skill level 5 in Axes
  1967 | D:2      | Gained mutation: You have a pair of small horns on your head. [demonic ancestry]
  1967 | D:2      | Reached XP level 5. HP: 25/38 MP: 5/5
  2376 | D:2      | Found a blossoming altar of Fedhas.
  3270 | D:3      | Gained mutation: Your flesh is cold resistant. [demonic ancestry]
  3270 | D:3      | Reached XP level 6. HP: 41/46 MP: 6/6
  3525 | D:4      | Noticed Eustachio
  4849 | D:4      | Reached skill level 6 in Axes
  5030 | D:4      | Noticed Grinder
  5030 | D:4      | Killed Eustachio
  5030 | D:4      | Reached skill level 1 in Armour
  5326 | D:4      | Paralysed by Grinder for 2 turns
  5337 | D:4      | Killed Grinder
  5337 | D:4      | Reached skill level 7 in Axes
  5337 | D:4      | Reached XP level 7. HP: 29/52 MP: 7/7
  5554 | D:4      | Got a pitted platinum ring
  5555 | D:4      | Identified the ring of Suzyxen {Wiz rPois rC- Str-2 Int+5} (You found it on level 4 of the Dungeon)
  5810 | D:5      | Entered Level 5 of the Dungeon
  5951 | D:5      | Noticed kidanger's ghost (experienced MiMo)
  6900 | D:4      | Reached skill level 8 in Axes
  6900 | D:4      | Reached XP level 8. HP: 55/58 MP: 8/8
  6978 | D:5      | Found a basalt altar of Yredelemnul.
  7194 | D:5      | Found a staircase to the Ecumenical Temple.
  7200 | Temple   | Entered the Ecumenical Temple
  7260 | Temple   | Became a worshipper of Makhleb the Destroyer
  7944 | D:6      | Acquired Makhleb's first power
  7990 | D:6      | Reached skill level 9 in Axes
  8038 | D:6      | Noticed Blork the orc
  8061 | D:6      | Killed Blork the orc
  8363 | D:7      | Found Zin's Purification Station.
  8364 | D:7      | Found a glowing silver altar of Zin.
  8400 | D:7      | Reached XP level 9. HP: 36/66 MP: 9/9
  8767 | D:7      | Reached skill level 5 in Fighting
  8867 | D:7      | Noticed Baka's ghost (experienced OgBe)
  8906 | D:7      | HP: 3/68 [Baka's ghost (42)]
  9616 | D:8      | Found a sparkling altar of Nemelex Xobeh.
  9834 | D:8      | Acquired Makhleb's second power
  9834 | D:8      | Reached skill level 10 in Axes
 10230 | D:8      | Found a deep blue altar of Sif Muna.
 10447 | D:9      | Reached skill level 1 in Spellcasting
 10639 | D:9      | Found an opulent altar of Gozag.
 10861 | D:9      | Found a staircase to the Lair.
 10864 | D:9      | Noticed a spiny frog
 10864 | D:9      | Noticed a spiny frog
 11367 | D:8      | Upgraded the game from 0.17-a0-1262-gd250d98 to 0.17-a0-1301-ga863c44
 11422 | D:9      | Acquired Makhleb's third power
 11573 | D:9      | Found a shadowy altar of Dithmenos.
 11612 | D:9      | Reached skill level 11 in Axes
 11612 | D:9      | Reached XP level 10. HP: 32/74 MP: 14/14
 11916 | D:9      | Killed a spiny frog
 12009 | D:9      | Reached skill level 1 in Invocations
 12014 | D:9      | Reached skill level 5 in Dodging
 12097 | D:8      | HP: 2/74 [yak (8)]
 12126 | D:8      | Slain by a yak

Vault maps used:
D:1:      dpeg_arrival_boxes_within_box
D:2:      fedhas_altar_4, first_bread, uniq_sigmund
D:3:      minmay_misc_feat_enclosed
D:4:      kennysheep_generic_room_7, uniq_grinder, uniq_eustachio
D:5:      nicolae_overflow_crystal_walls, minmay_temple_entry_enclosed_plants
D:6:      black_bear_nest_1, minivault_5, uniq_blork_the_orc
D:7:      zin_purify, grunt_ogre_cave, eino_small_chamber_without_monster,
          uniq_pikel
D:8:      nemelex_xobeh_ov_fountains_minmay, lemuel_doored_altar
D:9:      nicolae_dithmenos_the_darkroom, overflow_temple_1_default,
          dpeg_lair_monsters, kennysheep_small_circle
Temple:   circular_temple_12

Action                   |  1- 3 |  4- 6 |  7- 9 | 10-12 || total
-------------------------+-------+-------+-------+-------++-------
Melee: War axe           |    92 |   204 |   452 |    39 ||   787
 Fire: Blowgun           |       |     8 |    46 |     5 ||    59
Throw: Tomahawk          |     9 |     7 |       |       ||    16
       Throwing net      |     4 |       |       |       ||     4
       Javelin           |       |     7 |     8 |     2 ||    17
Evoke: Wand              |       |       |       |     2 ||     2
  Use: Scroll            |     3 |     3 |     8 |       ||    14
       Potion            |       |     1 |     1 |       ||     2
 Stab: Sleeping          |     2 |       |       |       ||     2
       Distracted        |       |       |     2 |     1 ||     3
  Eat: Meat ration       |     1 |       |     1 |       ||     2
       Chunk             |       |     6 |    12 |     1 ||    19
       Fruit             |       |     4 |       |       ||     4
       Royal jelly       |       |       |     1 |       ||     1
       Beef jerky        |       |       |     1 |       ||     1
